 Dungeon Crawl Stone Soup version 0.20.0-15-g7f486f2 (webtiles) character file.

431 Mysteryquy the Cutter (level 6, -1/33 HPs)
             Began as a Vine Stalker Fighter on June 16, 2017.
             Slain by Duvessa
             ... wielding a +0 rapier
              (8 damage)
             ... on level 4 of the Dungeon.
             The game lasted 00:05:51 (2389 turns).

Mysteryquy the Cutter (Vine Stalker Fighter)        Turns: 2389, Time: 00:05:52

Health: -1/33      AC:  9    Str: 18    XL:     6   Next: 99%
Magic:  0/7        EV:  8    Int:  8    God:
Gold:   118        SH:  9    Dex: 16    Spells: 5/5 levels left

rFire    . . .     SeeInvis .   n - +1 dagger (venom)
rCold    . . .     Gourm    .   c - +0 shield
rNeg     . . .     Faith    .   b - +0 scale mail
rPois    .         Spirit   +   g - +0 helmet
rElec    .         Reflect  .   (no cloak)
rCorr    .         Harm     .   k - +0 pair of gloves
MR       .....                  (no boots)
Stlth    ..........             (no amulet)
Regen    0.6/turn               (no ring)
MPRegen  0.1/turn               (no ring)

@: no status effects
A: fangs 2, regeneration 1, magic shield, antimagic bite, no potion heal 3, rot
immunity
a: no special abilities


You were on level 4 of the Dungeon.
You were hungry.

You visited 1 branch of the dungeon, and saw 4 of its levels.

You collected 118 gold pieces.

Inventory:

Hand Weapons
 a - a +0 rapier
 n - a +1 dagger of venom (weapon)
Armour
 b - a +0 scale mail (worn)
 c - a +0 shield (worn)
 g - a +0 helmet (worn)
 k - a +0 pair of gloves (worn)
Jewellery
 q - an uncursed amulet of the gourmand {unknown}
Scrolls
 e - 3 scrolls of remove curse {unknown}
 i - 2 scrolls of enchant armour {unknown}
 j - 4 scrolls of identify {unknown}
 o - a scroll of fog {unknown}
 r - 2 scrolls of teleportation {unknown}
Potions
 d - a potion of might
 l - a potion of heal wounds {unknown}
 p - a potion of magic {unknown}
 s - a potion of lignification {unknown}
 u - 2 potions of resistance {unknown}
Comestibles
 f - 3 bread rations
 h - 2 meat rations
 m - 2 royal jellies


   Skills:
 + Level 3.7 Fighting
 + Level 4.2 Short Blades
 + Level 3.2 Armour
 + Level 1.2 Dodging
 + Level 4.0 Shields


You had 5 spell levels left.
You didn't know any spells.

Dungeon Overview and Level Annotations

Branches:
Dungeon (4/15)
 Temple: D:4-7

Altars:
Ashenzari
Gozag

Annotations:
D:4 Duvessa


Innate Abilities, Weirdness & Mutations

You have extremely sharp teeth.
Your natural rate of healing is unusually fast.
When hurt, damage is shared between your health and your magic reserves.
Your bite disrupts and absorbs the magic of your enemies.
Potions cannot restore your health.
You are immune to rotting.


Message History

Duvessa is lightly wounded.
Duvessa hits you with a rapier! You block Duvessa's attack.
You closely miss Duvessa. You bite Duvessa, but do no damage.
Duvessa is moderately wounded.
Duvessa hits you but does no damage.
You hit Duvessa but do no damage.
Duvessa looks as sick as possible!
You bite Duvessa, but do no damage.
Duvessa is moderately wounded.
Duvessa hits you but does no damage.
An orc wizard comes into view. It is wielding a dagger.
The orc wizard shouts!
Duvessa hits you with a rapier.
Duvessa rages.
Duvessa hits you but does no damage.
You hear a shout!
Duvessa hits you with a rapier!
* * * LOW HITPOINT WARNING * * *
There is a stone staircase leading up here.
Duvessa hits you with a rapier!
You die...

##..♣..........♣..##.#
##..............##..#
##.....♣..........##
##...♣.♣......####
#)##.........#
###.#..........#
#>.............#
....)....##........#
#.........#.e@..<..#
..........##########
>.........#
........o.#
..#.....### ######..#


You could see Duvessa (berserk).

Vanquished Creatures
  Eustachio (D:4)
  Dowan (D:4)
  An orc priest (D:4)
  2 orc wizards (D:3)
  5 gnolls
  3 adders
  3 worms
  3 dart slugs (D:1)
  A leopard gecko (D:2)
  10 orcs
  5 giant cockroaches
  5 goblins
  8 hobgoblins
  2 jackals (D:1)
  5 kobolds
  2 quokkas (D:2)
  2 ball pythons
  3 bats
  2 frilled lizards
  3 rats (D:1)
67 creatures vanquished.

Notes
Turn   | Place    | Note
-------+----------+-------------------------------------------
     0 | D:1      | Mysteryquy the Vine Stalker Fighter began the quest for the Orb.
     0 | D:1      | Reached XP level 1. HP: 11/11 MP: 2/2
    10 | D:1      | Reached XP level 2. HP: 16/16 MP: 3/3
   344 | D:1      | Reached XP level 3. HP: 20/20 MP: 4/4
   951 | D:2      | Gained mutation: Your natural rate of healing is unusually fast. [Vine Stalker growth]
   951 | D:2      | Reached XP level 4. HP: 19/24 MP: 5/5
  1215 | D:2      | Found a shattered altar of Ashenzari.
  1532 | D:3      | Reached XP level 5. HP: 28/28 MP: 6/6
  1997 | D:3      | Found an opulent altar of Gozag.
  2202 | D:4      | Reached skill level 1 in Dodging
  2202 | D:4      | Reached XP level 6. HP: 32/32 MP: 7/7
  2219 | D:4      | Noticed Eustachio
  2243 | D:4      | Killed Eustachio
  2345 | D:4      | Noticed Dowan
  2345 | D:4      | Noticed Duvessa
  2376 | D:4      | Killed Dowan
  2389 | D:4      | Slain by Duvessa

Skill      XL: |  1  2  3  4  5  6 |
---------------+-------------------+-----
Fighting       | 3 |  3.7
Shields        | 3 4 |  4.0
Short Blades   | 2 3 4 |  4.2
Dodging        | 1 |  1.2
Armour         | 3 |  3.2

Action                   |  1- 3 |  4- 6 || total
-------------------------+-------+-------++-------
Melee: Rapier            |    84 |     8 ||    92
       Bite              |    24 |    56 ||    80
       Dagger            |       |   141 ||   141
  Eat: Chunk             |       |     4 ||     4
Armor: Scale mail        |    28 |    40 ||    68
Dodge: Dodged            |    13 |    26 ||    39
Block: Shield            |    32 |    60 ||    92
